 Dungeon Crawl Stone Soup version 0.23-a0-451-g1044d4c (webtiles) character file.

1544 nikopol the Thaumaturge (level 8, -16/43 HPs)
             Began as a Deep Elf Fire Elementalist on Nov 21, 2018.
             Was a Follower of Vehumet.
             Splashed by an orc warrior's acid (18 damage)
             ... on level 7 of the Dungeon on Nov 22, 2018.
             The game lasted 00:24:36 (8011 turns).

nikopol the Thaumaturge (DEFE)                      Turns: 8011, Time: 00:24:37

Health: -16/43     AC:  3    Str:  5    XL:     8   Next: 56%
Magic:  18/22      EV: 15    Int: 23    God:    Vehumet [*.....]
Gold:   349        SH:  0    Dex: 15    Spells: 9/24 levels left

rFire    . . .     SeeInvis .   p - +0 dagger
rCold    . . .     Gourm    .   (no shield)
rNeg     . . .     Faith    .   a - +0 robe
rPois    .         Spirit   .   (no helmet)
rElec    .         Reflect  .   j - +2 cloak
rCorr    .         Harm     .   m - +1 pair of gloves
MR       .....                  (no boots)
Stlth    +++.......             (no amulet)
HPRegen  0.14/turn              t - +3 ring of slaying
MPRegen  0.18/turn              (no ring)

@: corroded
A: no striking features
a: Renounce Religion


You were on level 7 of the Dungeon.
You worshipped Vehumet.
Vehumet was aware of your devotion.
You were not hungry.

You visited 2 branches of the dungeon, and saw 8 of its levels.

You collected 349 gold pieces.

Inventory:

Hand Weapons
 p - a +0 dagger (weapon)
Armour
 a - a +0 robe (worn)
 j - a +2 cloak (worn)
 m - a +1 pair of gloves (worn)
 q - a +0 buckler
Jewellery
 t - a +3 ring of slaying (left hand)
 B - a +3 ring of protection
Wands
 f - a wand of disintegration (5)
 l - a wand of flame (29)
 r - a wand of random effects (24)
 y - a wand of clouds (6)
Scrolls
 d - 2 scrolls of random uselessness {unknown}
 g - 2 scrolls of immolation {unknown}
 h - 9 scrolls of teleportation {unknown}
 i - 5 scrolls of magic mapping {unknown}
 k - 4 scrolls of noise {unknown}
 n - 2 scrolls of remove curse {unknown}
 u - 4 scrolls of identify {unknown}
 x - a scroll of holy word {unknown}
 C - 2 scrolls of blinking {unknown}
 D - a scroll of fog {unknown}
Potions
 b - 3 potions of heal wounds {unknown}
 e - 2 potions of brilliance {unknown}
 o - a potion of agility {unknown}
 s - 2 potions of ambrosia {unknown}
 v - a potion of invisibility {unknown}
 w - 4 potions of curing {unknown}
 z - 2 potions of magic {unknown}
 A - a potion of berserk rage {unknown}
 F - a potion of might
Comestibles
 c - 8 rations
 E - 5 chunks of flesh


   Skills:
 + Level 1.2 Fighting
 - Level 1.0 Short Blades
 + Level 4.6 Dodging
 + Level 4.1 Stealth
 + Level 8.7 Spellcasting
 + Level 5.3 Conjurations
 + Level 6.6 Fire Magic
 + Level 0.3 Evocations


You had 9 spell levels left.
You knew the following spells:

 Your Spells              Type           Power        Failure   Level  Hunger
a - Flame Tongue          Conj/Fire      #####        1%          1    None
b - Throw Flame           Conj/Fire      #####.       1%          2    None
c - Conjure Flame         Conj/Fire      #####...     1%          3    None
d - Sticky Flame          Conj/Fire      #####...     5%          4    ##.....
e - Fireball              Conj/Fire      #####.....   16%         5    ####...

Your spell library contained the following spells:

 Spells                   Type           Power        Failure   Level  Hunger
 Magic Dart               Conj           ####         1%          1    None
 Inner Flame              Hex/Fire       ####....     4%          3    None


Dungeon Overview and Level Annotations

Branches:
Dungeon (7/15)             Temple (1/1) D:7

Altars:
Elyvilon
Gozag
Hepliaklqana
Kikubaaqudgha
Nemelex Xobeh
Vehumet
Yredelemnul
Zin

Shops:
D:7 [

Annotations:
D:3 3 runed doors, frapppes24's ghost, amateur HOFi


Message History

You are splashed with acid!
The acid burns!
Casting: Flame Tongue (safe; 1% risk of failure)
Confirm with . or Enter, or press ? or * to list all spells.
Aiming: Flame Tongue (safe; 1% risk of failure)
Press: ? - help, Shift-Dir - straight line, f/p - orc warrior
Aim: an orc warrior, wielding a +0 long sword, wearing a +0 plate armour and The flame tongue misses the orc warrior.
An orc comes into view.
It is wielding a +0 hand axe and wearing a +1 leather
Casting: Flame Tongue (safe; 1% risk of failure)
Confirm with . or Enter, or press ? or * to list all spells.
Aiming: Flame Tongue (safe; 1% risk of failure)
Press: ? - help, Shift-Dir - straight line, f/p - orc warrior
Aim: an orc warrior, wielding a +0 long sword, wearing a +0 plate armour and The flame tongue hits the orc warrior.
The orc warrior is heavily wounded.
The orc shouts!
The orc warrior zaps a wand.
The bolt of acid hits you!
* * * LOW HITPOINT WARNING * * *
You are splashed with acid!
The acid burns!
You die...

.#.######..#.#.#......>..##.#.##.
.#...........#.#.#####.###.#.#.##
.........###.#.........##.#.#.#.#
.........'.o...#.#######.#.###.#.
.........###.#...#<..##.#.##.##.#
....#......#..o.....##.#.##.#.##.
..#.#.##.###[....#.##.#)##.#.#.##
..#.#.##.###.....'##.#.##.#...#.#
..#.#.##.#......@##.#.##.#.##.[).
..#.#.##.#.>..#'####.#.##.#.##.#.
....#.##.#....#.#####.#.##.#.##.#
..###[##.####.#.....##.#.##.#.##.
...)[..#.#....#.....###.#.##.#.##
...#####.#....#.....#
##.#.##รท#.#
...#...#)#....#.....#####.#.##.#.
'#.#.#.#.#....#........<##.#.##.#
.#.#...#.#...###....#######.#.##.


You could see an orc warrior and an orc.

Vanquished Creatures
  2 sky beasts
  A centaur (D:6)
  An ogre (D:7)
  2 bullfrogs
  2 scorpions
  3 howler monkeys
  3 hounds (D:6)
  Crazy Yiuf (D:2)
  2 orc priests
  An iguana (D:5)
  2 orc wizards (D:4)
  A centaur skeleton (D:5)
  A bullfrog skeleton (D:4)
  Ijyb (D:5)
  5 worker ants
  2 hound skeletons
  2 worker ant zombies
  A howler monkey zombie (D:6)
  11 adders
  8 gnolls
  2 oozes
  2 adder skeletons
  5 worms
  3 dart slugs
  5 leopard geckos
  14 orcs
  8 bats
  5 giant cockroaches
  8 goblins
  9 hobgoblins
  8 jackals
  2 quokkas
  4 ball pythons
  3 frilled lizards
  11 kobolds
  8 rats
149 creatures vanquished.

Notes
Turn   | Place    | Note
-------+----------+-------------------------------------------
     0 | D:1      | nikopol the Deep Elf Fire Elementalist began the quest for
                  | the Orb.
     0 | D:1      | Reached XP level 1. HP: 10/10 MP: 6/6
   166 | D:1      | Reached XP level 2. HP: 13/15 MP: 5/8
   612 | D:1      | Reached XP level 3. HP: 19/19 MP: 3/10
   984 | D:1      | Learned a level 2 spell: Throw Flame
   988 | D:1      | Learned a level 3 spell: Conjure Flame
  1210 | D:2      | Reached skill level 4 in Spellcasting
  1508 | D:2      | Reached XP level 4. HP: 24/24 MP: 9/12
  1531 | D:2      | Found a runed door.
  1535 | D:2      | Noticed Crazy Yiuf
  1563 | D:2      | Killed Crazy Yiuf
  2223 | D:3      | Reached XP level 5. HP: 28/28 MP: 5/14
  2475 | D:3      | Found a runed gate.
  2477 | D:3      | Found a runed gate.
  2477 | D:3      | Found a runed gate.
  2477 | D:3      | Found an opulent altar of Gozag.
  2478 | D:3      | Noticed frapppes24's ghost (amateur HOFi)
  2478 | D:3      | Noticed a phantom
  2540 | D:3      | Reached skill level 5 in Spellcasting
  3355 | D:3      | Learned a level 4 spell: Sticky Flame
  3629 | D:4      | Reached XP level 6. HP: 32/33 MP: 0/16
  3751 | D:4      | Learned a level 5 spell: Fireball
  4347 | D:4      | Found a hazy altar of Hepliaklqana.
  4704 | D:5      | Entered Level 5 of the Dungeon
  4715 | D:5      | Found a sparkling altar of Nemelex Xobeh.
  4761 | D:5      | Reached skill level 6 in Spellcasting
  5093 | D:5      | Reached XP level 7. HP: 37/37 MP: 12/18
  5093 | D:5      | Noticed Ijyb
  5106 | D:5      | Killed Ijyb
  5435 | D:5      | Reached skill level 5 in Fire Magic
  5914 | D:5      | Upgraded the game from 0.23-a0-449-g8e4cbf7 to
                  | 0.23-a0-451-g1044d4c
  6003 | D:6      | Found a basalt altar of Yredelemnul.
  6155 | D:6      | Reached skill level 7 in Spellcasting
  6367 | D:6      | Reached skill level 5 in Conjurations
  6421 | D:6      | Found a radiant altar of Vehumet.
  6422 | D:6      | Found a glowing silver altar of Zin.
  6427 | D:6      | Became a worshipper of Vehumet
  6436 | D:6      | Reached XP level 8. HP: 42/42 MP: 13/21
  6889 | D:7      | Reached skill level 8 in Spellcasting
  7257 | D:7      | Found a staircase to the Ecumenical Temple.
  7275 | D:7      | Found Bineepa's Antique Armour Shoppe.
  7301 | Temple   | Entered the Ecumenical Temple
  7507 | D:7      | Reached skill level 1 in Short Blades
  7760 | D:7      | Reached skill level 1 in Fighting
  7932 | D:7      | Reached * piety under Vehumet
  7932 | D:7      | Offered knowledge of Magic Dart by Vehumet.
  8011 | D:7      | HP: 2/43 [orc warrior/wand of acid (7) (13)]
  8011 | D:7      | Splashed by an orc warrior's acid

Vault maps used:
D:1:      dpeg_arrival_stone_temple_mockup, serial_glass, glass_columns_b,
          glass_columns_b, dk_noncrumbling_4, palyth_stone_intersect,
          grunt_decor_fettered, minmay_misc_feat_tiny
D:2:      first_ration, uniq_crazy_yiuf_cottage
D:3:      ebering_ghost_gozag
D:4:      old_standard_altar
D:5:      nemelex_xobeh_ov_fountains_minmay, lemuel_flame_loot_1, uniq_ijyb
D:6:      old_standard_altar, chequers_temple_overflow_statue_of_worship,
          hangedman_decor_opposing
D:7:      minmay_inner_zag, minmay_temple_entry_statues_fountains, serial_shops,
          nicolae_shop_overgrown_old_shop, serial_glass, glass_columns_b,
          glass_columns_b
Temple:   regret_index_temple_waves

Skill      XL: |  1  2  3  4  5  6  7  8 |
---------------+-------------------------+-----
Fire Magic     | 4 5 6 |  6.6
Spellcasting   | 4 5 6 7 8 |  8.7
Stealth        | 3 4 |  4.1
Conjurations   | 2 3 5 |  5.3
Dodging        | 3 4 |  4.6
Short Blades   | 1 |  1.0
Fighting       | 1 |  1.2
Evocations     | |  0.3

Action                   |  1- 3 |  4- 6 |  7- 9 || total
-------------------------+-------+-------+-------++-------
Melee: Dagger            |       |   111 |   167 ||   278
       Unarmed           |       |     1 |       ||     1
 Cast: Flame Tongue      |    81 |   128 |   114 ||   323
       Throw Flame       |       |     1 |     1 ||     2
       Conjure Flame     |       |     1 |     1 ||     2
       Sticky Flame      |       |     4 |    18 ||    22
       Fireball          |       |       |     2 ||     2
Evoke: Wand              |       |       |     1 ||     1
 Stab: Distracted        |       |     1 |       ||     1
  Eat: Chunk             |     1 |     9 |     8 ||    18
       Ration            |       |     1 |     1 ||     2
Armor: Robe              |     5 |    65 |    55 ||   125
Dodge: Dodged            |    26 |   113 |   130 ||   269

Table legend:
 A = Non-vault XP
 B = Vault XP
 C = Vault XP percentage of total XP
 D = Non-vault monster count
 E = Vault monster count
 F = Vault count percentage of total count
                 A         B        C        D         E       F
            +---------+---------+-------+---------+---------+-------
      Total |    1935 |     271 |  12.3 |     142 |       7 |   4.7
            +---------+---------+-------+---------+---------+-------
        D:1 |      48 |       0 |   0.0 |      25 |       0 |   0.0
        D:2 |      96 |      41 |  29.9 |      26 |       1 |   3.7
        D:3 |      75 |       0 |   0.0 |      23 |       0 |   0.0
        D:4 |     382 |       0 |   0.0 |      19 |       0 |   0.0
        D:5 |     257 |      36 |  12.3 |      12 |       1 |   7.7
        D:6 |     586 |       0 |   0.0 |      15 |       0 |   0.0
        D:7 |     491 |     194 |  28.3 |      22 |       5 |  18.5
            +---------+---------+-------+---------+---------+-------
